 Dungeon Crawl Stone Soup version 0.28-a0-1565-g95a8017c83 (webtiles) character file.

Game seed: 2093228830164409365

46 vineage the Skirmisher (level 3, -4/36 HPs)
             Began as a Minotaur Fighter on Jan 19, 2022.
             Slain by a gnoll (10 damage)
             ... on level 2 of the Dungeon.
             The game lasted 00:00:47 (994 turns).

vineage the Skirmisher (Minotaur Fighter)            Turns: 994, Time: 00:00:47

Health: -4/36      AC:  6    Str: 20    XL:     3   Next: 46%
Magic:  2/2        EV:  9    Int:  5    God:
Gold:   53         SH:  4    Dex: 11    Spells: 2/2 levels left

rFire   . . .      SeeInvis .   a - +0 war axe
rCold   . . .      Faith    .   c - +0 buckler
rNeg    . . .      Spirit   .   b - +0 scale mail
rPois   .          Reflect  .   (helmet restricted)
rElec   .          Harm     .   (no cloak)
rCorr   .          Rampage  .   (no gloves)
Will    .....                   (no boots)
Stlth   ..........              (no amulet)
HPRegen 0.12/turn               (no ring)
MPRegen 0.08/turn               (no ring)

@: no status effects
A: horns 2, retaliatory headbutt
a: no special abilities


You were on level 2 of the Dungeon.
You visited 1 branch of the dungeon, and saw 2 of its levels.

You collected 53 gold pieces.

Inventory:

Hand Weapons
 a - a +0 war axe (weapon)
Armour
 b - a +0 scale mail (worn)
 c - a +0 buckler (worn)
Scrolls
 f - a scroll of magic mapping {unknown}
Potions
 d - 2 potions of might
 e - a potion of brilliance {unknown}
 g - 2 potions of cancellation {unknown}


   Skills:
 + Level 5.5 Fighting
 - Level 2.4 Axes
 - Level 3.6 Armour
 - Level 3.6 Shields


You had 2 spell levels left.
You didn't know any spells.
Your spell library contained the following spells:

 Spells                   Type           Power      Damage    Failure   Level
 Summon Guardian Golem    Hex/Summ       0%         N/A       99%         3
 Orb of Destruction       Conj           0%         9d5       100%        7
 Spellforged Servitor     Conj/Summ      0%         N/A       100%        7


Dungeon Overview and Level Annotations

Branches:
Dungeon (2/15)

Altars:


Innate Abilities, Weirdness & Mutations

You have a pair of horns on your head.
You reflexively headbutt those who attack you in melee.


Message History

You open the door. 2 gnolls come into view.
The gnoll shouts! x2
A gnoll comes into view. It is wielding a +0 flail.
There are monsters nearby!
There are monsters nearby!
There is an open door here.
You open the door.
There is an open door here.
The gnoll completely misses you.
There is an open door here.
You closely miss the gnoll. The gnoll barely misses you.
The gnoll hits you with a +0 halberd.
You hit the gnoll. You headbutt the gnoll.
The gnoll is moderately wounded.
The gnoll barely misses you.
You barely miss the gnoll.
The gnoll is moderately wounded.
The gnoll hits you with a +0 halberd. The gnoll hits you with a +0 halberd!
You slash the gnoll!
You kill the gnoll!
The gnoll hits you with a +0 flail!
You have reached level 3!
Your experience leads to an increase in your attributes!
Increase (S)trength, (I)ntelligence, or (D)exterity?
You feel agile. x2
You completely miss the gnoll. Your headbutt misses the gnoll.
The gnoll closely misses you.
You barely miss the gnoll. You headbutt the gnoll.
The gnoll is heavily wounded.
The gnoll hits you with a +0 flail.
* * * LOW HITPOINT WARNING * * *
The gnoll hits you with a +0 flail.
* * * LOW HITPOINT WARNING * * *
You slash the gnoll!
You kill the gnoll!
You completely miss the gnoll.
You headbutt the gnoll, but do no damage.
The gnoll hits you with a +0 flail!
You die...

#...)...# ## #.......# #.
#.......# ######.
########.......#
..^....#####..............#
.......'gg##..............#
.......##.##..............#
##########.##........#######
...........g@...........>#
.........####...........##
########.## ##+######...#
#..# #...# ##.#
#####...##### #.##
#............ #..#
#....#######. ##.# #....# #.
#.# #....# #####.


You could see a gnoll.

Vanquished Creatures
  2 gnolls (D:2)
  A worm (D:2)
  2 dart slugs (D:1)
  3 ball pythons (D:1)
  3 endoplasms (D:2)
  2 goblins
  4 hobgoblins
  2 jackals (D:1)
  A kobold (D:1)
20 creatures vanquished.

Notes
Turn   | Place    | Note
-------+----------+-------------------------------------------
     0 | D:1      | vineage the Minotaur Fighter began the quest for the Orb.
     0 | D:1      | Reached XP level 1. HP: 19/19 MP: 0/0
    53 | D:1      | Reached skill level 4 in Fighting
   114 | D:1      | Reached XP level 2. HP: 28/28 MP: 1/1
   212 | D:1      | Found a faded altar of an unknown god.
   854 | D:2      | Reached skill level 5 in Fighting
   991 | D:2      | Reached XP level 3. HP: 12/36 MP: 2/2
   994 | D:2      | Slain by a gnoll

Illustrated notes

Levels and vault maps discovered:
D:1:      lightli_arrival_maybe_door_vault, layout_loops_ring,
          hellmonk_ecumenical_altar_blasted, minivault_14
D:2:      minmay_angry_zag, layout_basic, minmay_misc_feat_four_crosses

Skill      XL: |  1  2 |
---------------+-------+-----
Fighting       | 4 5 |  5.5
Axes           | |  2.4
Armour         | |  3.6
Shields        | |  3.6

Action                   || total
-------------------------++-------
Melee: War axe           ||    43
       Headbutt          ||     8
Armor: Scale mail        ||    12
Dodge: Dodged            ||    23
Block: Buckler           ||     7

Table legend: (Time is in decaauts)
 A = Elapsed time spent in this place.
 B = Non-inter-level travel time spent in this place.
 C = Inter-level travel time spent in this place.
 D = Time resting spent in this place.
 E = Time spent auto-exploring this place.
 F = Levels seen in this place.
 G = Mean time per level.
                   A        B        C        D        E       F      G
               +--------+--------+--------+--------+--------+-----+--------+
         Total |   1013 |    988 |     25 |      0 |    859 |   2 |  506.5 |
       Dungeon |   1013 |    988 |     25 |      0 |    859 |   2 |  506.5 |
               +--------+--------+--------+--------+--------+-----+--------+

Top non-repeatable levels by time:
     D:1: 674 daAuts
     D:2: 338 daAuts
